[Event "Late-Titled-Tuesday-Blitz-June-04-2024"]
[Site "Chess.com"]
[Date "2024.06.04"]
[Round "6"]
[White "FairChess_on_YouTube"]
[Black "Eduard_Limonov"]
[Result "1-0"]
[WhiteElo "3075"]
[BlackElo "2829"]
[TimeControl "180+1"]
[EndTime "15:06:37 PDT"]
[Termination "FairChess_on_YouTube won by resignation"]

1. Nf3 d5 2. d4 Nf6 3. e3 c6 4. h3 Bf5 5. g4 Bg6 6. Ne5 Nbd7 7. h4 Qc7 8. h5 Be4 9. f3 Nxe5 10.
fxe4 Nexg4 11. e5 Nxe5 12. dxe5 Qxe5 13. Qf3 e6 14. Qf4 Bd6 15. Qxe5 Bxe5 16. Nd2 Nd7 17. Nf3 Bf6 18. Bd2 g5 19. h6 g4 20. Nh2 Rg8 21.
Bd3 Ne5 22. Ke2 Nxd3 23. cxd3 Rg6 24. Rag1 g3 25. Nf3 Kd7 26. Bc3 Bxc3 27. bxc3 f6 28. Rh3 Rag8 29. Rg2 e5 30. e4 Ke6 31. Nd2 Rg4 32. exd5+ cxd5 33. Nf1 Ra4 34. Rgxg3 Rxa2+ 35. Ke3 Rxg3+ 36. Rxg3 Ra1 37. Ke2 Ra2+ 38. Nd2 Ra1 39. Rg7 Rh1 40. Rxh7 Rh2+ 41. Ke3 d4+ 42. cxd4 exd4+ 43. Kxd4 Rxd2 44. Rxb7 Rh2 45. h7 a5 46. Kc5 Rh5+ 47. Kc6 f5 48. d4 f4 49. d5+ Ke5 50.
d6 Rh6 51. Kc5 f3 52. Rf7 f2 53. Rxf2 Rxh7 54. Re2+ Kf4 55. Kc6 Kf3 56. Ra2 Rh1 57.
Rxa5 Ke4 58. d7 Rd1 59. Kc7 Rc1+ 60. Kd6 Rd1+ 61. Ke7 Rxd7+ 62. Kxd7 1-0

[Event "Late-Titled-Tuesday-Blitz-June-04-2024"]
[Site "Chess.com"]
[Date "2024.06.04"]
[Round "6"]
[White "Ramosha"]
[Black "Pitomina"]
[Result "1-0"]
[WhiteElo "2638"]
[BlackElo "2505"]
[TimeControl "180+1"]
[EndTime "15:06:38 PDT"]
[Termination "Ramosha won on time"]

1. e4 e5 2. Nf3 Nc6 3. d4 exd4 4. Nxd4 Bc5 5. Nb3 Bb6 6. Nc3 Qf6 7. Qe2 Nge7 8. h4 Nd4 9. Nxd4 Bxd4 10. Bd2 a6 11. O-O-O Qxf2 12. Qd3 d6 13. Be2 Bb6 14. Rhf1 Qd4 15.
Qg3 Be6 16. Bg5 Qc5 17. Bxe7 Qe3+ 18. Qxe3 Bxe3+ 19. Kb1 Kxe7 20. Nd5+ Bxd5 21. exd5 Raf8 22. c3 Kd8 23. Kc2 f5 24. Rf3 f4 25. g3 Rf6 26.
Rdf1 Rhf8 27. Kd3 h6 28. h5 c5 29. dxc6 bxc6 30. b4 Kc7 31. a4 d5 32. a5 Kb7 33.
Bd1 c5 34. bxc5 Kc6 35. c4 Kxc5 36. cxd5 Kxd5 37. Be2 Kc5 38. Rb1 Rd8+ 39. Kc3 Bd4+ 40. Kb3 Rb8+ 41. Kc2 Re8 42. Kd1 Be3 43. gxf4 Bxf4 44.
Rb2 Be5 45. Rxf6 gxf6 46. Rb6 Rd8+ 47. Kc2 Bf4 48. Bxa6 Rd2+ 49. Kb3 Be5 50. Ka3 Rh2 51. Rb5+ Kc6 52. Rb3 Rxh5 53. Bb5+ Kc7 54. Be2 Rh1 55. Bf3 Ra1+ 56. Kb4 Rf1 57. Kb5 1-0

[Event "Late-Titled-Tuesday-Blitz-June-04-2024"]
[Site "Chess.com"]
[Date "2024.06.04"]
[Round "6"]
[White "topce"]
[Black "CMmauricio"]
[Result "1-0"]
[WhiteElo "2490"]
[BlackElo "2783"]
[TimeControl "180+1"]
[EndTime "15:06:39 PDT"]
[Termination "topce won on time"]

1. c4 f5 2. d4 Nf6 3. g3 e6 4.
Bg2 d5 5. Nd2 c6 6. Nh3 Be7 7. O-O O-O 8. b3 Bd7 9. Bb2 Be8 10. Nf4 Qc8 11. Rc1 g5 12. Nd3 Bh5 13. Nf3 Ne4 14. Nfe5 Nd7 15. f3 Nd6 16. Qd2 Nxe5 17.
Nxe5 Nf7 18. e4 Nxe5 19. dxe5 dxc4 20. exf5 exf5 21. f4 Qe6 22. Qc3 cxb3 23. axb3 Rad8 24. Rfe1 gxf4 25. gxf4 Kh8 26. Kh1 Rg8 27. Rg1 Rg6 28.
Bf3 Bxf3+ 29. Qxf3 Qd5 30. Qxd5 Rxd5 31. Rcd1 Kg8 32.
Rxd5 cxd5 33. Rd1 Bc5 34. Bd4 Bb6 35. Bxb6 Rxb6 36. Rxd5 Rxb3 37. Rd7 a5 38. e6 Kf8 39.
Rf7+ Ke8 40. Rxf5 b5 41. Rc5 Ke7 42. f5 a4 43. Rc7+ Kd6 44. Rd7+ Kc6 45. Rxh7 a3 46.
Ra7 Kd6 47. e7 a2 48. f6 Rb1+ 49. Kg2 Rb2+ 50. Kg3 Rb3+ 51. Kf2 Rb2+ 52. Ke3 Rb3+ 53. Kd2 Rb2+ 54. Kc1 Re2 55. Rxa2 Re5 56. Rf2 1-0

[Event "Late-Titled-Tuesday-Blitz-June-04-2024"]
[Site "Chess.com"]
[Date "2024.06.04"]
[Round "6"]
[White "ural58"]
[Black "Seppppppy"]
[Result "1/2-1/2"]
[WhiteElo "2419"]
[BlackElo "2204"]
[TimeControl "180+1"]
[EndTime "15:06:39 PDT"]
[Termination "Game drawn - insufficient material"]

1. e4 e5 2. Nf3 Nc6 3. Bc4 Bc5 4.
c3 Nf6 5. d4 exd4 6. cxd4 Bb4+ 7. Bd2 Nxe4 8. d5 Nxd2 9. Nbxd2 Ne7 10. O-O O-O 11. Nb3 Bd6 12. Nbd4 c6 13. Re1 cxd5 14.
Bd3 h6 15. Rc1 Nc6 16. Nf5 Bf4 17. Rc5 d6 18. Rxd5 Be6 19. Rb5 a6 20. Rxb7 Qc8 21.
Rb6 Bxf5 22. Bxf5 Qxf5 23. Rxc6 Qb5 24. Qc2 Rfe8 25. Rxe8+ Rxe8 26. g3 Qd5 27. Kg2 Be5 28. Rxa6 g5 29. Qc6 Qxc6 30. Rxc6 Bxb2 31. Rxd6 Ra8 32.
Rd2 Rxa2 33. Ng1 f5 34. Ne2 Kf7 35. Nc1 Ra1 36. Nb3 Rb1 37. Nc5 Bf6 38. Rd7+ Kg6 39.
Rd6 Kf7 40. Ra6 Rc1 41. Nd7 Be7 42. Rxh6 Rd1 43. Ne5+ Kg7 44. Rg6+ Kh7 45. Re6 Bf8 46. Rf6 Bg7 47. Rxf5 Rd5 48. f4 gxf4 49. gxf4 Bxe5 50. fxe5 Kg6 51. Rf6+ Kg5 52. Re6 Kf5 53. Re8 Rxe5 54. Rxe5+ Kxe5 55. h4 Kf6 56. h5 Kg7 57. h6+ Kxh6 1/2-1/2

[Event "Late-Titled-Tuesday-Blitz-June-04-2024"]
[Site "Chess.com"]
[Date "2024.06.04"]
[Round "6"]
[White "hansen"]
[Black "The_Sherman_Variation"]
[Result "1-0"]
[WhiteElo "3036"]
[BlackElo "2594"]
[TimeControl "180+1"]
[EndTime "15:06:40 PDT"]
[Termination "hansen won by resignation"]

1. e4 e6 2. d4 d5 3. Nc3 Bb4 4. e5 c5 5. a3 Bxc3+ 6. bxc3 Ne7 7. h4 Qc7 8. h5 h6 9. Nf3 Qa5 10. Bd2 Nbc6 11. Bd3 c4 12. Be2 Qa4 13. Nh2 Bd7 14.
Ng4 O-O-O 15. O-O Rdg8 16. Bf4 Nf5 17. Qd2 Nce7 18. Rfb1 g5 19. Bh2 Rd8 20. Nf6 Ng8 21. Rb4 Qa6 22. Rab1 Bc6 23. a4 Ng7 24. Qe3 Ne8 25.
Qf3 Ngxf6 26. exf6 Nd6 27. Qg3 b6 28. Qe5 Qb7 29.
Bg4 Kb8 30. f3 Ka8 31. Bg3 Rhg8 32. Qe1 Nf5 33. Be5 Nd6 34. Ra1 Rd7 35. a5 b5 36.
a6 Qb6 37. Qb1 Ne8 38. Qa2 Nd6 39. Qa3 Nf5 40. Kf2 Re8 41. Rb2 Red8 42. Bh3 Nd6 43. Rab1 Ne8 44. Qf8 Nxf6 45. Qxh6 Ng8 46. Qxg5 f6 47.
Bxf6 Nxf6 48. Qxf6 Re8 49. Qe5 Qa5 50. Qe3 Rde7 51. f4 Rh8 52. Bg4 Qd8 53. Rh1 Qg8 54. Bf3 Qg7 55. Qe5 Qh6 56. g4 Rf8 57. g5 Qh7 58. g6 Qg8 59. Bg4 Bd7 60. Rbb1 Ree8 61. Rbe1 Bc8 62. Kg3 Re7 63. Qg5 Qg7 64. h6 Qg8 65. g7 Rff7 66. h7 1-0

[Event "Late-Titled-Tuesday-Blitz-June-04-2024"]
[Site "Chess.com"]
[Date "2024.06.04"]
[Round "6"]
[White "patzer-reloaded"]
[Black "ChEsper99"]
[Result "0-1"]
[WhiteElo "2390"]
[BlackElo "2250"]
[TimeControl "180+1"]
[EndTime "15:06:40 PDT"]
[Termination "ChEsper99 won by checkmate"]

1. d3 d5 2. Nf3 Nc6 3. g3 e5 4.
Bg2 g6 5. O-O Bg7 6. c4 dxc4 7.
dxc4 Qxd1 8. Rxd1 e4 9. Ne1 f5 10. Nc3 Bxc3 11. bxc3 Be6 12. Bf4 Rc8 13. Nc2 Nge7 14.
Ne3 h6 15. h4 Kf7 16. Nd5 Na5 17. Nxc7 Bxc4 18. Rd2 g5 19. hxg5 hxg5 20. Be5 Rhd8 21. Rad1 Rxd2 22. Rxd2 Nac6 23. Bd6 Rd8 24. g4 Nc8 25.
gxf5 Rxd6 26. Rxd6 Nxd6 27. Kf1 Ke7 28. Ke1 Kd7 29. Na8 Bd5 30. e3 Nxf5 31. Bh3 Be6 32. Ke2 Kc8 33. Kd2 Kb8 34. Bxf5 Bxf5 35. c4 Kxa8 36. Kc3 Kb8 37. c5 Kc7 38. Kc4 b6 39.
Kb5 bxc5 40. a4 Kd6 41. a5 Be6 42. Ka6 c4 43. Kb7 c3 44. a6 c2 45. f4 c1=Q 46. f5 Bxf5 47. Ka8 Qxe3 48. Kb7 Nb4 49. Ka8 Qc3 50.
Kb7 Qc7+ 51. Ka8 Qh7 52. Kb8 Kc6 53. Ka8 Qg8+ 54. Kxa7 Qf7+ 55. Ka8 Qe8+ 56. Ka7 Qd7+ 57. Ka8 Qc8+ 58. Ka7 Qc7+ 59. Ka8 Kb5 60. a7 Qc8# 0-1

[Event "Late-Titled-Tuesday-Blitz-June-04-2024"]
[Site "Chess.com"]
[Date "2024.06.04"]
[Round "6"]
[White "chess94cu"]
[Black "Kielinkei"]
[Result "1-0"]
[WhiteElo "2630"]
[BlackElo "2449"]
[TimeControl "180+1"]
[EndTime "15:06:42 PDT"]
[Termination "chess94cu won by resignation"]

1. e4 c5 2. Nf3 e6 3. c3 d5 4. exd5 Qxd5 5. d4 Nf6 6. Be2 Be7 7. O-O cxd4 8. cxd4 O-O 9. Nc3 Qd8 10. Bg5 Nc6 11.
Rc1 Nb4 12. Ne5 Nbd5 13. Bf3 h6 14. Bh4 Bd7 15. Nxd5 Nxd5 16. Bxe7 Nxe7 17. d5 Nxd5 18. Bxd5 exd5 19. Qxd5 Be6 20. Qxb7 Rb8 21. Qxa7 Rxb2 22. a4 Qa8 23. Rc7 Ra2 24. Qc5 Rxa4 25. Nc6 Rc4 26. Qd6 Rg4 27. f3 Ra4 28. h3 Ra1 29.
Rxa1 Qxa1+ 30. Kh2 Re8 31. Nd4 Qa2 32. Rc5 Qa3 33.
Nb5 Qa2 34. Nc7 Rf8 35. Re5 Bb3 36. Nb5 Qc2 37. Nd4 Qb1 38. Nf5 Be6 39. Ne7+ Kh7 40. Ng6 Ra8 41. Nf4 Re8 42. Nxe6 Rxe6 43. Rxe6 fxe6 44. Qxe6 Qc2 45. Qe4+ Qxe4 46. fxe4 Kg6 47. Kg3 Kf6 48. Kf4 g5+ 49. Kg4 Kg6 50. g3 h5+ 51.
Kf3 Kf6 52. Ke3 Ke5 53. h4 g4 54. Kd3 Ke6 55. Kd4 1-0

[Event "Late-Titled-Tuesday-Blitz-June-04-2024"]
[Site "Chess.com"]
[Date "2024.06.04"]
[Round "6"]
[White "penguingm1"]
[Black "BardArtem"]
[Result "0-1"]
[WhiteElo "2920"]
[BlackElo "2742"]
[TimeControl "180+1"]
[EndTime "15:06:43 PDT"]
[Termination "BardArtem won by resignation"]

1. d4 Nf6 2. c4 b6 3. Nc3 Bb7 4. Qc2 d5 5. cxd5 Nxd5 6. e4 Nxc3 7. bxc3 g6 8. Bb5+ Nd7 9. h4 h6 10. h5 g5 11. f4 gxf4 12. Bxf4 a6 13. Bd3 e5 14.
Be3 exd4 15. Bxd4 Rg8 16. Nf3 Qe7 17. Nh4 Nc5 18. Bxc5 Qxc5 19. Nf5 O-O-O 20. O-O-O Bd6 21. Kb2 Be5 22. a3 Kb8 23. g3 b5 24. Rhg1 Rd7 25.
Rg2 Rgd8 26. Rgd2 b4 27. axb4 Qxb4+ 28. Kc1 Bxc3 29. Re2 Qa3+ 30. Kb1 Rd4 31. Nxd4 Rxd4 32. Bc4 Rxc4 33. Rd8+ Ka7 34. Qc1 Qb3+ 35. Rb2 Bxb2 36. Qxb2 Qxb2+ 37. Kxb2 Rxe4 38. Rd7 f5 39. Rh7 Re6 40.
Rg7 Be4 41. Rxc7+ Kb6 42. Rg7 Kc6 43. Kc3 Kd5 44. Kd2 Ke5 45. Ke3 Rb6 46. Re7+ Kf6 47. Rh7 Rb3+ 48. Kd4 Rd3+ 49. Kc4 Kg5 50. Rg7+ Kxh5 51.
Kb4 Rd6 52. Kc5 Rg6 53. Rd7 Rxg3 54. Rd1 Kg4 55. Rd6 h5 56. Rh6 h4 57. Kd4 h3 58. Rg6+ Kf3 59. Rh6 Kg2 0-1

[Event "Late-Titled-Tuesday-Blitz-June-04-2024"]
[Site "Chess.com"]
[Date "2024.06.04"]
[Round "6"]
[White "Kostukov_Alex"]
[Black "FischerKasparow"]
[Result "1-0"]
[WhiteElo "2309"]
[BlackElo "2098"]
[TimeControl "180+1"]
[EndTime "15:06:44 PDT"]
[Termination "Kostukov_Alex won by checkmate"]

1. e4 e6 2. g3 d5 3. d3 dxe4 4. dxe4 Qxd1+ 5. Kxd1 e5 6. f3 Be6 7. Be3 Nc6 8. Nd2 O-O-O 9. Bh3 Bd7 10. c3 Nf6 11.
Ke2 Be7 12. Bxd7+ Rxd7 13. Nh3 h6 14. Rhd1 Rhd8 15. Nf2 b6 16. Nc4 b5 17. Rxd7 Rxd7 18. Nd2 a6 19. Nd3 Ne8 20. a4 b4 21. Nc4 f6 22. f4 Nd6 23. Nxd6+ Bxd6 24. fxe5 fxe5 25.
Bc5 bxc3 26. bxc3 Rf7 27. Bxd6 cxd6 28. Rb1 Kc7 29. Nb4 Nxb4 30. Rxb4 Kc6 31. Rc4+ Kb6 32.
h4 g5 33. h5 g4 34. Rc8 Rf3 35. Rh8 Rxg3 36. Rxh6 Kc5 37. Rg6 Rh3 38. h6 g3 39.
Kf3 Kc6 40. Kg2 Rh4 41. Kxg3 Rh1 42. Kg4 Kc5 43. Kg5 Kc4 44. Rxd6 Kxc3 45. Rxa6 Kd4 46. a5 Kxe4 47. Ra8 Rg1+ 48. Kf6 Rf1+ 49. Kg7 Rg1+ 50. Kh8 Kd3 51. h7 e4 52. Rg8 Rh1 53. Kg7 Rg1+ 54.
Kf6 Rf1+ 55. Ke5 Rh1 56. h8=Q Rxh8 57. Rxh8 e3 58. Rh3 Kd2 59. Rxe3 Kxe3 60. a6 Kd3 61. a7 Kd2 62. a8=Q Kd3 63. Qa3+ Ke2 64. Ke4 Kf1 65.
Qb2 Kg1 66. Kf3 Kh1 67. Qg2# 1-0

[Event "Late-Titled-Tuesday-Blitz-June-04-2024"]
[Site "Chess.com"]
[Date "2024.06.04"]
[Round "6"]
[White "MITerryble"]
[Black "KNVB"]
[Result "1-0"]
[WhiteElo "3027"]
[BlackElo "2775"]
[TimeControl "180+1"]
[EndTime "15:06:45 PDT"]
[Termination "MITerryble won on time"]

1. d4 e5 2. Nc3 exd4 3. Qxd4 Nc6 4. Qd3 Nf6 5. e4 Bc5 6. Bf4 d6 7. f3 Nh5 8. Nge2 Nb4 9. Qd1 Nxf4 10. Nxf4 O-O 11. a3 Nc6 12. Qd2 Qh4+ 13. g3 Qh6 14. Be2 Nd4 15. Nfd5 Qxd2+ 16. Kxd2 Ne6 17. Ne7+ Kh8 18.
Nxc8 Raxc8 19. f4 Rce8 20. Rae1 Bf2 21. Ref1 Bb6 22. Bf3 c6 23. h4 g6 24. h5 Kg8 25.
b4 Rd8 26. Bg4 Rfe8 27. hxg6 hxg6 28. Rh2 Kg7 29. Rfh1 Rh8 30. Ne2 Rxh2 31. Rxh2 Nd4 32. Nxd4 Bxd4 33. Kd3 Bb6 34. c4 a5 35. Rb2 a4 36.
Rh2 Ra8 37. Rh1 Kg8 38. Rb1 Kf8 39. Ke2 Ke7 40. Kd3 Rh8 41. Bf3 Rh3 42. c5 Rxg3 43. Ke2 Bc7 44. b5 dxc5 45. bxc6 b6 46. e5 Rh3 47. Kf2 Rh2+ 48. Bg2 Rh4 49. Kg3 g5 50.
Rd1 Bb8 51. Rd7+ Ke6 52. Bh3+ Rxh3+ 53. Kxh3 g4+ 54. Kxg4 f5+ 55. Kf3 b5 56. Rb7 b4 57.
Rxb8 bxa3 58. c7 a2 59. c8=Q+ Kd5 60. Qd7+ Kc4 61. Qxa4+ 1-0

[Event "Late-Titled-Tuesday-Blitz-June-04-2024"]
[Site "Chess.com"]
[Date "2024.06.04"]
[Round "6"]
[White "ReadySkate"]
[Black "frederiksvane"]
[Result "0-1"]
[WhiteElo "2712"]
[BlackElo "2900"]
[TimeControl "180+1"]
[EndTime "15:06:45 PDT"]
[Termination "frederiksvane won by resignation"]

1. d4 Nf6 2. c4 e6 3. Nc3 Bb4 4. f3 d5 5. a3 Bxc3+ 6. bxc3 c5 7. cxd5 Nxd5 8. dxc5 Qa5 9. e4 Ne7 10. Be3 O-O 11. Qb3 Nd7 12. Bb5 Qc7 13. Bxd7 Bxd7 14. Ne2 e5 15. Rd1 Be6 16. Rd5 b5 17. O-O Qc6 18. Rfd1 Rad8 19. Rxd8 Bxb3 20. Rxf8+ Kxf8 21. Rd8+ Qe8 22. Rxe8+ Kxe8 23. Kf2 Nc6 24. Ke1 Kd7 25. Ng3 g6 26. Kd2 Na5 27. Kc1 Be6 28. Nf1 Kc6 29. Nd2 Nb7 30. Kc2 Nxc5 31. Bxc5 Kxc5 32. g3 f6 33. Kb2 Bc4 34. Kc2 Be2 35. f4 Kd6 36. Kb3 a5 37. a4 Bd1+ 38. Ka3 Kc5 39. axb5 Kxb5 40. Kb2 Kc5 41. Kc1 Ba4 42. Kb2 Bb5 43.
Ka3 Kd6 44. Nb3 exf4 45. gxf4 Bd3 46. Nxa5 Bxe4 47. Nc4+ Ke6 48. Ne3 g5 49. fxg5 fxg5 50. Kb4 Ke5 51. Kc5 Kf4 52. Kd4 h5 53. c4 g4 54. Nf1 h4 55. c5 Bc6 56. Kd3 Bb5+ 57. Kd2 Bxf1 0-1

[Event "Late-Titled-Tuesday-Blitz-June-04-2024"]
[Site "Chess.com"]
[Date "2024.06.04"]
[Round "6"]
[White "Rodalquilar"]
[Black "MaiqMaster"]
[Result "1/2-1/2"]
[WhiteElo "2784"]
[BlackElo "2460"]
[TimeControl "180+1"]
[EndTime "15:06:49 PDT"]
[Termination "Game drawn - insufficient material"]

1. d4 d5 2. Nf3 Nf6 3. Bf4 c5 4. e3 Nc6 5. c3 Qb6 6. Qc2 g6 7. h3 Bg7 8. Be2 O-O 9. Nbd2 Bf5 10.
dxc5 Qxc5 11. Qb3 Na5 12. Qb5 Qxb5 13. Bxb5 a6 14. Be2 b5 15. O-O Nc4 16. Nxc4 dxc4 17. Nd4 Bd7 18. Be5 Ne4 19. Bxg7 Kxg7 20. Bf3 f5 21. Bxe4 fxe4 22. Rfd1 Rad8 23. Rd2 e5 24. Nc2 Bf5 25. Rad1 Rd3 26. Nb4 a5 27. Nc6 Kf6 28. Nxa5 Rfd8 29. Rxd3 Rxd3 30. Rb1 Bd7 31. a4 Ke6 32.
axb5 Bxb5 33. b3 Rxc3 34. bxc4 Bxc4 35. Rb7 Rc1+ 36. Kh2 Bd5 37. Rxh7 Ra1 38. Nb7 Rc1 39.
Nd8+ Kf6 40. Rd7 Bb3 41. h4 Rc5 42. g4 Rd5 43. g5+ Kf5 44. Rf7+ Kg4 45. Ne6 Rd2 46. Kg2 Bd1 47. Rf6 Bf3+ 48. Kh2 Rd1 49. Rxf3 exf3 50. Nf8 Rf1 51. Nxg6 Rxf2+ 52. Kh1 e4 53. h5 Kxh5 54. Nf4+ Kg4 55. g6 Ra2 56. g7 Ra8 57. Nd5 Kf5 58. g8=Q Rxg8 59. Ne7+ Kg4 60. Nxg8 f2 61. Kg2 f1=Q+ 62. Kxf1 Kf3 63. Nf6 Kxe3 64. Nxe4 1/2-1/2

[Event "Late-Titled-Tuesday-Blitz-June-04-2024"]
[Site "Chess.com"]
[Date "2024.06.04"]
[Round "6"]
[White "Cambek64"]
[Black "enestnrvrd"]
[Result "1/2-1/2"]
[WhiteElo "2532"]
[BlackElo "2661"]
[TimeControl "180+1"]
[EndTime "15:06:50 PDT"]
[Termination "Game drawn by stalemate"]

1. c3 g6 2. d4 Bg7 3. Nf3 Nf6 4. Bg5 O-O 5. Nbd2 d5 6. e3 c5 7. h3 Nc6 8. Be2 Qb6 9. Qb3 Bf5 10. O-O c4 11. Qxb6 axb6 12. a3 b5 13. Rac1 Nd7 14. Bf4 Nb6 15. Bd1 Na4 16. Bxa4 Rxa4 17. Rfe1 Raa8 18.
e4 Be6 19. Re2 b4 20. axb4 Ra2 21. Rb1 Rfa8 22. Ree1 b5 23. Kh2 h6 24. g4 g5 25. Bg3 dxe4 26. Nxe4 Bd5 27. Nfd2 e5 28. dxe5 Nxe5 29. Bxe5 Bxe5+ 30. Kg1 Kg7 31. f3 Bf4 32. Nf1 Rd8 33. Ne3 Bxe4 34. fxe4 Rd2 35. Nf5+ Kh7 36. e5 Raxb2 37. Rxb2 Rxb2 38. e6 fxe6 39. Rxe6 Rc2 40. Rxh6+ Kg8 41. Rb6 Rxc3 42. Rxb5 Rxh3 43. Rc5 c3 44. b5 Rd3 45. b6 Rd1+ 46. Kf2 Rb1 47. Rxc3 Rxb6 48. Kf3 Rb2 49. Rd3 Rc2 50. Rd7 Rc3+ 51.
Ke4 Bc1 52. Nh6+ Kf8 53. Kf5 Rc5+ 54. Ke6 Rc6+ 55. Rd6 Rxd6+ 56. Kxd6 Kg7 57. Nf5+ Kf6 58. Kd5 Bf4 59. Ke4 Bb8 60. Ne3 Bf4 61. Nd5+ Kg6 62. Nxf4+ gxf4 63. Kxf4 Kf6 64. g5+ Kg6 65. Kg4 Kg7 66.
Kf5 Kf7 67. g6+ Kg7 68. Kg5 Kg8 69. Kf6 Kf8 70. g7+ Kg8 71. Kg6 1/2-1/2

[Event "Late-Titled-Tuesday-Blitz-June-04-2024"]
[Site "Chess.com"]
[Date "2024.06.04"]
[Round "6"]
[White "carloseduar100"]
[Black "gamboajp"]
[Result "0-1"]
[WhiteElo "2259"]
[BlackElo "2107"]
[TimeControl "180+1"]
[EndTime "15:06:51 PDT"]
[Termination "gamboajp won by checkmate"]

1. g3 d5 2. Bg2 e6 3. d4 Nf6 4. c3 c5 5. Nd2 Nc6 6. Ngf3 cxd4 7. cxd4 Be7 8. O-O O-O 9. Re1 Qb6 10. e3 Bb4 11. a3 Bxd2 12. Qxd2 Ne4 13. Qe2 Na5 14.
Nd2 Nxd2 15. Qxd2 Nb3 16. Qd3 Nxa1 17. b4 Qc6 18. Bb2 Qc2 19. Qxc2 Nxc2 20. Rc1 Nxb4 21.
axb4 Bd7 22. Bf1 a6 23. Bd3 Rfc8 24. Ra1 Bb5 25. Bb1 Bc4 26. Bc3 Bb3 27. Bd2 Bc2 28.
Ba2 Be4 29. Bb3 h6 30. Kf1 Bd3+ 31. Ke1 Bc2 32. Ba2 Ba4 33. Bb1 Bc2 34. Ba2 Bd3 35.
Kd1 Rc7 36. Bb3 Rac8 37. h4 g6 38. Ra3 Bc2+ 39. Bxc2 Rxc2 40. Rb3 Ra2 41. b5 Rcc2 42.
Be1 a5 43. b6 a4 44. Rb5 Rcb2 45. Rc5 Rb1+ 46. Rc1 Raa1 47. Bd2 a3 48. Kc2 Rb2+ 49. Kd3 Rxc1 50. Bxc1 Rb1 51. Bxa3 Rb3+ 52. Ke2 Rxa3 53. Kf3 Ra6 54. Kf4 Rxb6 55. Ke5 Kf8 56. f3 h5 57. Kf6 Rc6 58. e4 dxe4 59. fxe4 Rd6 60. Ke5 Ra6 61. Kf6 b5 62. Ke5 b4 63. d5 exd5 64.
exd5 b3 65. d6 b2 66. d7 Ra8 67. Kd6 b1=Q 68. g4 Qd1+ 69. Ke5 hxg4 70. h5 Qxd7 71.
hxg6 Qe6+ 72. Kf4 Ra4+ 73. Kg3 Ra3+ 74. Kg2 Rf3 75. g7+ Kxg7 76. Kh1 Qe2 77. Kg1 Rf1# 0-1

[Event "Late-Titled-Tuesday-Blitz-June-04-2024"]
[Site "Chess.com"]
[Date "2024.06.04"]
[Round "6"]
[White "Hikaru"]
[Black "mbojan"]
[Result "1/2-1/2"]
[WhiteElo "3207"]
[BlackElo "2854"]
[TimeControl "180+1"]
[EndTime "15:06:52 PDT"]
[Termination "Game drawn by repetition"]

1. Nf3 a6 2. e4 e6 3. d4 d5 4. e5 c5 5. c3 Bd7 6. Be2 cxd4 7. Nxd4 Nc6 8. Nxc6 Bxc6 9. O-O Bc5 10. Nd2 Ne7 11. Nb3 Ba7 12. Bd3 Ng6 13. Qe2 Qc7 14. Re1 O-O 15.
Nd4 Qd7 16. h4 Bxd4 17. cxd4 Bb5 18. h5 Ne7 19. h6 g6 20. g4 Nc6 21. Bxb5 axb5 22.
Be3 b4 23. Kg2 Qe7 24. f4 f5 25. g5 Ra5 26. Rec1 Rfa8 27. b3 Kf7 28. Rc2 Qc7 29. Rd1 Qb6 30. Rdd2 R8a6 31. Qd1 Qa7 32. Qb1 Ke7 33. Rb2 Kd7 34. Rdc2 Qb6 35. Qc1 Qb5 36. Qd2 Qb6 37. Kf2 Qb5 38. Ke1 Qb6 39. Rb1 Qb5 40.
Kf2 Qb6 41. Rbb2 Qb5 42. Qc1 Qb6 43. Rd2 Qb5 44. Rbc2 Qb6 45. Qa1 Qb5 46. Rc1 Qb6 47. Qb2 Qa7 48. Ra1 Qb6 49. Qc2 Qb5 50. Rdd1 Qb6 51. Rdb1 Qa7 52. a4 bxa3 53. b4 Rb5 54. Qd3 Qb6 55. Rxa3 Rxa3 56. Qxa3 Rxb4 57. Rxb4 Qxb4 58.
Qa8 Qb2+ 59. Kg3 Qb3 60. Kf2 Qc2+ 61. Kg3 Qb3 62. Kf2 Qc2+ 63. Kg1 Qd1+ 64. Kg2 Qe2+ 65. Bf2 Qg4+ 66. Bg3 Qe2+ 67. Kg1 Qd1+ 68. Kg2 Qe2+ 69. Bf2 Qg4+ 70. Kh2 Qh5+ 71. Kg2 Qg4+ 1/2-1/2

[Event "Late-Titled-Tuesday-Blitz-June-04-2024"]
[Site "Chess.com"]
[Date "2024.06.04"]
[Round "6"]
[White "Alina_Gumerovna"]
[Black "nitpicker"]
[Result "0-1"]
[WhiteElo "2120"]
[BlackElo "2318"]
[TimeControl "180+1"]
[EndTime "15:06:57 PDT"]
[Termination "nitpicker won on time"]

1. e4 c5 2. Nf3 Nc6 3. d4 cxd4 4. Nxd4 Nf6 5. Nc3 d6 6. f3 Qb6 7. Nxc6 bxc6 8. Qd3 g6 9. Qe3 Bg7 10. Be2 O-O 11.
O-O Nd7 12. Qxb6 axb6 13. Bd2 b5 14. a3 Nc5 15. Kf2 f5 16. exf5 Bxf5 17. Rac1 d5 18. Kg1 e5 19. g4 Be6 20. Bd3 Nxd3 21. cxd3 Bd7 22. Kg2 Rf7 23. Be1 Raf8 24. Bg3 h5 25.
h3 Bh6 26. Rce1 Bf4 27. Bxf4 exf4 28. Re5 hxg4 29. hxg4 Rb8 30. Na2 Re8 31. Rfe1 Rxe5 32. Rxe5 Kf8 33. Nb4 Re7 34. Rxe7 Kxe7 35. d4 Kd6 36.
Nd3 g5 37. Kf2 Be8 38. Ke2 Bg6 39. Nc5 Bh7 40. Kd2 Bg6 41. Nb7+ Kc7 42. Nc5 Kd6 43. Nb3 Bh7 44. Na5 Bg6 45. b3 Bh7 46. a4 bxa4 47.
bxa4 Kc7 48. Nb3 Kb6 49. Kc3 Bg6 50. Nc5 Bf7 51. Kb4 Bg8 52. Nd7+ Kc7 53. Nf6 Bf7 54.
Kc5 Bg6 55. Ng8 Bd3 56. Nh6 Be2 57. Nf7 Bxf3 58. Nxg5 Bxg4 59. a5 f3 60. a6 f2 61.
Nf7 f1=Q 62. a7 Kb7 0-1

[Event "Late-Titled-Tuesday-Blitz-June-04-2024"]
[Site "Chess.com"]
[Date "2024.06.04"]
[Round "6"]
[White "Roedor"]
[Black "lluiss"]
[Result "1-0"]
[WhiteElo "2364"]
[BlackElo "2207"]
[TimeControl "180+1"]
[EndTime "15:07:15 PDT"]
[Termination "Roedor won on time"]

1. d4 Nf6 2. c4 g6 3. g3 c6 4. Bg2 d5 5. Qa4 Bg7 6. cxd5 Nxd5 7. Nf3 Nb6 8. Qd1 O-O 9. Nc3 N8d7 10. O-O e5 11.
Bg5 Qe8 12. d5 cxd5 13. Nxd5 Nxd5 14. Qxd5 Nb6 15. Qd6 Qe6 16. Qxe6 Bxe6 17. Rfd1 h6 18. Be7 Rfc8 19. Ne1 Rc7 20. Bd8 Rd7 21. Bxb6 axb6 22. Rxd7 Bxd7 23. Bxb7 Ra7 24. Bd5 e4 25. Bxe4 Bxb2 26.
Rb1 Rxa2 27. Bd5 Ra1 28. Rxa1 Bxa1 29. Nc2 Bc3 30. e4 Kf8 31. f4 Ke7 32. Kf2 Ba4 33. Na3 Bd4+ 34. Ke2 b5 35. Kd3 Bg1 36. h3 Bh2 37.
Bc6 Bxg3 38. Bxb5 Bxb5+ 39. Nxb5 Bxf4 40. Nd4 Bd6 41. Ke2 Kf6 42. Kf3 Be5 43. Ne2 Bb2 44. Nf4 Kg7 45. Nd5 Be5 46. Kg4 h5+ 47. Kf3 Kh6 48.
Ne7 Bd6 49. Nc8 Bc5 50. e5 Kg5 51. Ke4 Kh4 52. Nd6 Kxh3 53. Nxf7 Kh4 54. e6 Be7 55.
Ne5 g5 56. Ng6+ Kh3 57. Nxe7 g4 58. Nf5 g3 59. Nxg3 Kxg3 60. e7 h4 61. e8=Q h3 62.
Ke3 h2 63. Qg6+ Kh3 64. Qh5+ Kg2 65. Qg4+ Kh1 66. Qf3+ Kg1 67. Qg3+ Kh1 68. Qh3 Kg1 69. Ke2 1-0

[Event "Late-Titled-Tuesday-Blitz-June-04-2024"]
[Site "Chess.com"]
[Date "2024.06.04"]
[Round "6"]
[White "IlyaGrigorjev"]
[Black "Dedic8"]
[Result "1-0"]
[WhiteElo "2864"]
[BlackElo "2924"]
[TimeControl "180+1"]
[EndTime "15:07:27 PDT"]
[Termination "IlyaGrigorjev won by resignation"]

1. e4 c5 2. Nf3 d6 3. d4 cxd4 4. Nxd4 Nf6 5. Nc3 Nc6 6. f3 e6 7. Be3 Be7 8. g4 d5 9. g5 Nh5 10. exd5 exd5 11. f4 g6 12. Bg2 Be6 13. f5 Bxg5 14.
fxe6 Bxe3 15. exf7+ Kxf7 16. Qf3+ Nf4 17. Ne6 Qh4+ 18. Kf1 Kxe6 19. Qxe3+ Kd6 20. Nxd5 Nxg2 21. Qa3+ Kxd5 22. Rd1+ Ke6 23. Qb3+ Ke7 24. Qxb7+ Kf6 25. Qxc6+ Kg5 26. Qxg2+ Kh6 27. Qd2+ g5 28. Qd6+ Kh5 29. Rd3 Rhf8+ 30. Ke2 Qg4+ 31. Kd2 Qg2+ 32. Kc3 Rac8+ 33.
Kb4 Rb8+ 34. Ka3 Qxh1 35. Qd7 Qe4 36. Rh3+ Qh4 37. Rxh4+ Kxh4 38. Qxh7+ Kg4 39. Qe4+ Kh5 40. Qh7+ Kg4 41. h3+ Kf4 42. Qh5 Rh8 43. Qg4+ Ke5 44. Qxg5+ Kd6 45. h4 Rbg8 46. Qf6+ Kc5 47. b4+ Kd5 48.
Qf5+ Kc6 49. Qc5+ Kb7 50. h5 Rc8 51. Qe7+ Ka8 52. Qe4+ Kb8 53. Qf4+ Kb7 54. Qf7+ Rc7 55. Qd5+ Kb8 56. c4 Rch7 57. Qe5+ Ka8 58. c5 Rxh5 59. Qe4+ Kb8 60. Ka4 Rh2 61. Kb5 R2h7 62. a4 Rb7+ 63. Ka6 Rh6+ 64. Ka5 Rh8 65. b5 Rc7 66. c6 Rhc8 67. Qe5 Ka8 68. Ka6 Rh7 69. a5 Rhc7 70. Qd5 Kb8 71. Qe4 Ka8 72. Qe5 Kb8 73. b6 axb6 74. axb6 Ka8 75. bxc7 Rh8 76. Qb5 1-0